 Dungeon Crawl Stone Soup version 0.29-a0-973-gac7da5f7f0 (webtiles) character file.

Game seed: 3287794629180870753

27 Spectrina the Magician (level 3, -1/25 HPs)
             Began as a Djinni Venom Mage on Aug 1, 2022.
             Shot with a sling bullet by a goblin (3 damage)
             ... on level 3 of the Dungeon.
             The game lasted 00:04:40 (392 turns).

Spectrina the Magician (Djinni Venom Mage)           Turns: 392, Time: 00:04:41

Health: -1/25      AC:  3    Str:  7    XL:     3   Next: 25%
Gold:   91         EV: 12    Int: 18    God:
                   SH:  0    Dex: 13

rFire   + + .      SeeInvis .   (no weapon)
rCold   x . .      Faith    .   (no shield)
rNeg    . . .      Spirit   .   a - +0 robe
rPois   ∞          Reflect  .   k - +0 helmet
rElec   .          Harm     .   (no cloak)
rCorr   .          Rampage  .   (no gloves)
Will    .....                   (boots unavailable)
Stlth   ++........              j - amulet of the acrobat
HPRegen 0.08/turn               (no ring)
MPRegen 0.00/turn               (no ring)

@: flying
A: sickness immunity, fire resistance 2, cold vulnerability 1, float, innate
caster, HP casting, extra vitality 1
a: no special abilities


You were on level 3 of the Dungeon.
You visited 1 branch of the dungeon, and saw 3 of its levels.

You collected 91 gold pieces.

Inventory:

Armour
 a - a +0 robe (worn)
 e - a +0 helmet
 k - a +0 helmet (worn)
Jewellery
 h - a ring of flight
 j - an amulet of the acrobat (around neck)
Scrolls
 c - 2 scrolls of identify {unknown}
 f - a scroll of enchant armour {unknown}
 i - a scroll of blinking {unknown}
Potions
 b - 2 potions of lignification {unknown}
 d - a potion of haste
 g - a potion of might {unknown}


   Skills:
 - Level 2.1 Dodging
 - Level 1.5 Stealth
 + Level 3.3 Spellcasting


You couldn't memorise any spells.
You knew the following spells:

 Your Spells              Type           Power      Damage    Failure   Level
a - Sting                 Tmut/Pois      56%        1d5       4%          1
d - Shock                 Conj/Air       56%        1d6       4%          1
m - Mephitic Cloud        Conj/Pois/Air  14%        N/A       12%         3
q - Poisonous Vapours     Pois/Air       28%        N/A       6%          2
r - Olgreb's Toxic Radia  Pois           14%        N/A       38%         4
Your spell library was empty.

Dungeon Overview and Level Annotations

Branches:
Dungeon (3/15)

Altars:


Innate Abilities, Weirdness & Mutations

You are immune to sickness and miasma.
You are immune to poison.
Your flesh is very heat resistant. (rF++)
You are vulnerable to cold. (rC-)
You float through the air rather than walking.
You learn spells naturally, not from books.
Your magical power is your life essence.
You have superior vitality. (+4 MHP)


Message History

c - 2 scrolls labelled FAPSAHOKIA (gained 1)
A hobgoblin comes into view.
The hobgoblin shouts!
Unknown command.
Casting: Sting (safe; 4% risk of failure)
Confirm with . or Enter, or press ? or * to list all spells.
Aiming: Poisonous Vapours (safe; 6% risk of failure)
Press: ? - help, Dir - move target, f - hobgoblin
Aim: a hobgoblin Poisonous vapours surround the hobgoblin!
The hobgoblin is poisoned.
* * * LOW HITPOINT WARNING * * *
Unknown command.
You feel a bit more experienced.
There is a stone staircase leading down here.
You fly downwards.
There is a stone staircase leading up here.
Found 8 gold pieces.
Found an escape hatch in the floor.
Found a stone staircase leading down.
You now have 91 gold pieces (gained 8).
You reach down and open the door.
A goblin comes into view. It is wielding a +0 dagger.
Found a dagger.
Found a stone staircase leading up.
Unknown command.
Casting: Poisonous Vapours (safe; 6% risk of failure)
Confirm with . or Enter, or press ? or * to list all spells.
Aiming: Poisonous Vapours (safe; 6% risk of failure)
Press: ? - help, Dir - move target, f - goblin
Aim: a goblin, wielding a +0 dagger (asleep) Poisonous vapours surround the goblin!
The goblin is poisoned.
The goblin shouts!
* * * LOW HITPOINT WARNING * * *
The goblin unwields a +0 dagger.
The goblin wields a +0 sling of freezing.
It is covered in frost.
The goblin shoots a sling bullet.
The sling bullet hits you.
* * * LOW HITPOINT WARNING * * *
The sling bullet freezes you.
You die...

#####.###...#
#.........# #.##.<##..#
#.##..##..# +#
#.##..##..# .). #
#.##...#..# ....
#.#.##.#.#..# .....
.##.#.##.#....####...<..
................@'......
.####.........####......
.....#####.#.## .....
.###.# #.### .... #.#
#.. ..g #.# ##.# +# #.#
.# #.# .# #.#


You could see a goblin (poisoned).

Vanquished Creatures
  An adder (D:2)
  A bat (D:2)
  An endoplasm (D:2)
  2 giant cockroaches (D:1)
  A goblin (D:1)
  3 hobgoblins
  A kobold (D:1)
  3 quokkas
  A rat (D:2)
14 creatures vanquished.

Vanquished Creatures (others)
  4 toadstools (D:1)
4 creatures vanquished.

Grand Total: 18 creatures vanquished

Notes
Turn   | Place    | Note
-------+----------+-------------------------------------------
     0 | D:1      | Spectrina the Djinni Venom Mage began the quest for the
                  | Orb.
     0 | D:1      | Spectrina set off with the following spells memorised:
                  | Sting, Poisonous Vapours, Mephitic Cloud, Olgreb's Toxic
                  | Radiance.
     0 | D:1      | Reached XP level 1. HP: 15/15 MP: 0/0
    94 | D:2      | Reached XP level 2. HP: 10/21 MP: 0/0
   108 | D:2      | Reached skill level 3 in Spellcasting
   166 | D:2      | Reached XP level 3. HP: 2/25 MP: 0/0
   166 | D:2      | Learned a level 1 spell: Shock
   392 | D:3      | Shot with a sling bullet by a goblin

Illustrated notes

Levels and vault maps discovered:
D:1:      ldierk_water_garden, layout_basic, serial_shops,
          nicolae_shop_temple_entry_statues_fountains, chequers_arboretum
D:2:      layout_basic, uniq_crazy_yiuf_cottage
D:3:      layout_loops_corners, minitemple, fountainhead, uniq_sigmund

Skill      XL: |  1  2 |
---------------+-------+-----
Spellcasting   | 3 |  3.3
Dodging        | |  2.1
Stealth        | |  1.5

Action                   || total
-------------------------++-------
 Cast: Sting             ||    22
       Poisonous Vapours ||     3
  Use: Potion            ||     1
Armor: Robe              ||     1
Dodge: Dodged            ||     4

Table legend: (Time is in decaauts)
 A = Elapsed time spent in this place.
 B = Non-inter-level travel time spent in this place.
 C = Inter-level travel time spent in this place.
 D = Time resting spent in this place.
 E = Time spent auto-exploring this place.
 F = Levels seen in this place.
 G = Mean time per level.
                   A        B        C        D        E       F      G
               +--------+--------+--------+--------+--------+-----+--------+
         Total |    372 |    372 |      0 |      0 |      0 |   3 |  124.0 |
       Dungeon |    372 |    372 |      0 |      0 |      0 |   3 |  124.0 |
               +--------+--------+--------+--------+--------+-----+--------+

Top non-repeatable levels by time:
     D:1: 180 daAuts
     D:2: 163 daAuts
     D:3: 27 daAuts
